NYP
VANCOUVER CANADIANS @ CHICAGO (NYP) WHITE SOX
08/12/2048
 
TOP OF THE 1ST
Vancouver Canadians batting - Pitching for Chicago (NYP) White Sox : RHP Ari Kuusinen
Pitching: RHP Ari Kuusinen
Batting: RHB Kennet Strijbis 0-0: Called Strike
0-1: Ball
1-1: Called Strike
1-2: Strikes out swinging
Batting: RHB Victor Ayala 0-0: Ball
1-0: Called Strike
1-1: Ball
2-1: SINGLE (Groundball, 5D, EV 103.1 MPH)
Batting: LHB Devin Huber 0-0: Ball
Victor Ayala is caught stealing 2nd base 2-6
1-0: Ball
2-0: Foul Ball, location: 2F
2-1: SINGLE (Line Drive, 34D, EV 98.8 MPH)
Batting: RHB Carlos Renteria 0-0: Ball
Devin Huber is caught stealing 2nd base 2-4
Top of the 1st over - 0 runs, 2 hits, 0 errors, 0 left on base; Vancouver 0 - Chicago (NYP) 0
BOTTOM OF THE 1ST
Chicago (NYP) White Sox batting - Pitching for Vancouver Canadians : RHP Jonathon Crunk
Pitching: RHP Jonathon Crunk
Batting: SHB Tomas Caldera 0-0: Foul Ball, location: 2F
0-1: Foul Ball, location: 2F
0-2: Ball
1-2: Ball
2-2: Strikes out swinging
Batting: RHB Bastiaan Leenders 0-0: Called Strike
0-1: Foul Ball, location: 2F
0-2: Strikes out swinging
Batting: SHB Veit Geisler 0-0: Ball
1-0: Swinging Strike
1-1: Ball
2-1: Called Strike
2-2: Foul Ball, location: 2F
2-2: Ball
3-2: Strikes out swinging
Bottom of the 1st over - 0 runs, 0 hits, 0 errors, 0 left on base; Vancouver 0 - Chicago (NYP) 0
TOP OF THE 2ND
Vancouver Canadians batting - Pitching for Chicago (NYP) White Sox : RHP Ari Kuusinen
Batting: RHB Carlos Renteria 0-0: Foul Ball, location: 2F
0-1: Ball
1-1: Foul Ball, location: 2F
1-2: Foul Ball, location: 2F
1-2: Ball
2-2: Ball
3-2: Hit by Pitch
Batting: RHB Javier Garcia 0-0: Called Strike
0-1: Grounds into double play, 6-4-3 (Groundball, 6, EV 104.4 MPH)
Batting: RHB Brian Manson 0-0: Ball
1-0: Called Strike
1-1: Ball
2-1: Called Strike
2-2: Foul Ball, location: 2F
2-2: Strikes out swinging
Top of the 2nd over - 0 runs, 0 hits, 0 errors, 0 left on base; Vancouver 0 - Chicago (NYP) 0
BOTTOM OF THE 2ND
Chicago (NYP) White Sox batting - Pitching for Vancouver Canadians : RHP Jonathon Crunk
Batting: SHB Andres Agudo 0-0: Ball
1-0: Ground out 4-3 (Groundball, 4, EV 100.6 MPH)
Batting: RHB Tyrell Camp 0-0: Ball
1-0: Swinging Strike
1-1: Ground out 6-3 (Groundball, 6, EV 84.4 MPH)
Batting: SHB Manny Berrones 0-0: Ball
1-0: Swinging Strike
1-1: Ground out U3 (Groundball, 34S, EV 80.6 MPH)
Bottom of the 2nd over - 0 runs, 0 hits, 0 errors, 0 left on base; Vancouver 0 - Chicago (NYP) 0
TOP OF THE 3RD
Vancouver Canadians batting - Pitching for Chicago (NYP) White Sox : RHP Ari Kuusinen
Batting: RHB Dan Hilyer 0-0: Called Strike
0-1: Ball
1-1: Ball
2-1: Ball
3-1: Base on Balls
Batting: RHB Mike Johnson 0-0: Called Strike
0-1: Swinging Strike
0-2: Foul Ball, location: 2F
0-2: Fly out, F8 (Flyball, 8LD, EV 93.8 MPH)
Batting: RHB Luis Vargas 0-0: Called Strike
Dan Hilyer steals 2nd base
0-1: Swinging Strike
0-2: Ball
1-2: Strikes out swinging
Batting: RHB Kennet Strijbis 0-0: Called Strike
0-1: Swinging Strike
0-2: Ball
Passed Ball!
Dan Hilyer to third
1-2: Strikes out swinging
Top of the 3rd over - 0 runs, 0 hits, 0 errors, 1 left on base; Vancouver 0 - Chicago (NYP) 0
BOTTOM OF THE 3RD
Chicago (NYP) White Sox batting - Pitching for Vancouver Canadians : RHP Jonathon Crunk
Batting: RHB Kunimatsu Oya 0-0: Called Strike
0-1: Ball
1-1: Foul Ball, location: 2F
1-2: Strikes out swinging
Batting: SHB Noah Long 0-0: Called Strike
0-1: Swinging Strike
0-2: Ball
1-2: Ball
2-2: Ball
3-2: Foul Ball, location: 2F
3-2: Strikes out looking
Batting: RHB Eduardo Calderon 0-0: Ground out 4-3 (Groundball, 4M, EV 86.9 MPH)
Bottom of the 3rd over - 0 runs, 0 hits, 0 errors, 0 left on base; Vancouver 0 - Chicago (NYP) 0
TOP OF THE 4TH
Vancouver Canadians batting - Pitching for Chicago (NYP) White Sox : RHP Ari Kuusinen
Batting: RHB Victor Ayala 0-0: Foul Ball, location: 2F
0-1: DOUBLE (Groundball, 3L, EV 105.6 MPH)
Batting: LHB Devin Huber 0-0: Called Strike
0-1: Swinging Strike
0-2: Ground out 4-3 (Groundball, 34D, EV 84.4 MPH)
Victor Ayala to third
Batting: RHB Carlos Renteria 0-0: Called Strike
0-1: Ball
1-1: Foul Ball, location: 2F
1-2: Fly out, F4 (Line Drive, 4D, EV 66.2 MPH)
Batting: RHB Javier Garcia 0-0: Called Strike
0-1: Swinging Strike
0-2: Foul Ball, location: 2F
0-2: Foul Ball, location: 2F
0-2: Strikes out looking
Top of the 4th over - 0 runs, 1 hit, 0 errors, 1 left on base; Vancouver 0 - Chicago (NYP) 0
BOTTOM OF THE 4TH
Chicago (NYP) White Sox batting - Pitching for Vancouver Canadians : RHP Jonathon Crunk
Batting: SHB Tomas Caldera 0-0: Fly out, F8 (Line Drive, 8RM, EV 97.5 MPH)
Batting: RHB Bastiaan Leenders 0-0: Called Strike
0-1: Called Strike
0-2: Strikes out looking
Batting: SHB Veit Geisler 0-0: Called Strike
0-1: Hit by Pitch
Batting: SHB Andres Agudo 0-0: Foul Ball, location: 2F
0-1: Called Strike
0-2: Strikes out swinging
Bottom of the 4th over - 0 runs, 0 hits, 0 errors, 1 left on base; Vancouver 0 - Chicago (NYP) 0
TOP OF THE 5TH
Vancouver Canadians batting - Pitching for Chicago (NYP) White Sox : RHP Ari Kuusinen
Batting: RHB Brian Manson 0-0: Called Strike
0-1: Ball
1-1: Ball
2-1: Ball
3-1: Called Strike
3-2: Strikes out swinging
Batting: RHB Dan Hilyer 0-0: Ball
1-0: Called Strike
1-1: Fly out, F4 (Popup, 23, EV 84.4 MPH)
Batting: RHB Mike Johnson 0-0: Ball
1-0: Ball
2-0: SINGLE (Line Drive, 7S, EV 98.8 MPH)
Batting: RHB Luis Vargas 0-0: Called Strike
Mike Johnson is caught stealing 2nd base 2-4
Top of the 5th over - 0 runs, 1 hit, 0 errors, 0 left on base; Vancouver 0 - Chicago (NYP) 0
BOTTOM OF THE 5TH
Chicago (NYP) White Sox batting - Pitching for Vancouver Canadians : RHP Jonathon Crunk
Batting: RHB Tyrell Camp 0-0: Ball
1-0: Called Strike
1-1: Called Strike
1-2: Ball
2-2: Ground out 5-3 (Groundball, 56S, EV 90.0 MPH)
Batting: SHB Manny Berrones 0-0: Called Strike
0-1: Ball
1-1: Ball
2-1: Foul Ball, location: 2F
2-2: Strikes out looking
Batting: RHB Kunimatsu Oya 0-0: Ball
1-0: Ball
2-0: Foul Ball, location: 2F
2-1: Foul Ball, location: 2F
2-2: Ball
3-2: SINGLE (Groundball, 4D, EV 108.1 MPH)
Batting: SHB Noah Long 0-0: Ball
1-0: SINGLE (Groundball, 25, EV 72.5 MPH) (infield hit)
Kunimatsu Oya to second
Batting: RHB Eduardo Calderon 0-0: Swinging Strike
0-1: Ground out 4-3 (Groundball, 34, EV 108.8 MPH)
Bottom of the 5th over - 0 runs, 2 hits, 0 errors, 2 left on base; Vancouver 0 - Chicago (NYP) 0
TOP OF THE 6TH
Vancouver Canadians batting - Pitching for Chicago (NYP) White Sox : RHP Ari Kuusinen
Batting: RHB Luis Vargas 0-0: Fly out, F8 (Line Drive, 89S, EV 93.1 MPH)
Batting: RHB Kennet Strijbis 0-0: Ball
1-0: Foul Ball, location: 2F
1-1: Ball
2-1: Ball
3-1: Base on Balls
Batting: RHB Victor Ayala 0-0: Ball
Kennet Strijbis steals 2nd base
1-0: Ground out U3 (Groundball, 3, EV 107.5 MPH)
Kennet Strijbis to third
Batting: LHB Devin Huber 0-0: Ball
1-0: Ball
2-0: SINGLE (Flyball, 78S, EV 97.5 MPH)
Kennet Strijbis scores
Batting: RHB Carlos Renteria 0-0: Called Strike
0-1: Called Strike
Devin Huber is caught stealing 2nd base 2-4
Top of the 6th over - 1 run, 1 hit, 0 errors, 0 left on base; Vancouver 1 - Chicago (NYP) 0
BOTTOM OF THE 6TH
Chicago (NYP) White Sox batting - Pitching for Vancouver Canadians : RHP Jonathon Crunk
Batting: SHB Tomas Caldera 0-0: Ball
1-0: Called Strike
1-1: Ball
2-1: Ground out U3 (Groundball, 3L, EV 84.4 MPH)
Batting: RHB Bastiaan Leenders 0-0: Ball
1-0: Ball
2-0: Called Strike
2-1: Ball
3-1: Fly out, F7 (Flyball, 78M, EV 87.5 MPH)
Batting: SHB Veit Geisler 0-0: Swinging Strike
0-1: Ball
1-1: Foul Ball, location: 2F
1-2: Strikes out looking
Bottom of the 6th over - 0 runs, 0 hits, 0 errors, 0 left on base; Vancouver 1 - Chicago (NYP) 0
TOP OF THE 7TH
Vancouver Canadians batting - Pitching for Chicago (NYP) White Sox : RHP Ari Kuusinen
Batting: RHB Carlos Renteria 0-0: Ground out 6-3 (Groundball, 6, EV 88.8 MPH)
Batting: RHB Javier Garcia 0-0: Ball
1-0: Ball
2-0: Ball
3-0: Called Strike
3-1: Called Strike
3-2: Base on Balls
Batting: RHB Brian Manson 0-0: Foul Ball, location: 2F
0-1: Ball
1-1: Foul Ball, location: 2F
1-2: Ball
Wild Pitch!
Javier Garcia to second
2-2: Foul Ball, location: 2F
2-2: Foul Ball, location: 2F
2-2: Fly out, F9 (Flyball, 9LM, EV 93.1 MPH)
Batting: RHB Dan Hilyer 0-0: Ball
1-0: Ball
2-0: Foul Ball, location: 2F
2-1: Foul Ball, location: 2F
2-2: Ball
3-2: Strikes out swinging
Top of the 7th over - 0 runs, 0 hits, 0 errors, 1 left on base; Vancouver 1 - Chicago (NYP) 0
BOTTOM OF THE 7TH
Chicago (NYP) White Sox batting - Pitching for Vancouver Canadians : RHP Jonathon Crunk
Batting: SHB Andres Agudo 0-0: Foul Ball, location: 2F
0-1: Called Strike
0-2: Ball
1-2: Ball
2-2: Ball
3-2: Strikes out swinging
Batting: RHB Tyrell Camp 0-0: Ball
1-0: Swinging Strike
1-1: Foul Ball, location: 2F
1-2: Ground out 6-3 (Groundball, 56, EV 100.0 MPH)
Batting: SHB Manny Berrones 0-0: Called Strike
0-1: Foul Ball, location: 2F
0-2: Strikes out swinging
Bottom of the 7th over - 0 runs, 0 hits, 0 errors, 0 left on base; Vancouver 1 - Chicago (NYP) 0
TOP OF THE 8TH
Vancouver Canadians batting - Pitching for Chicago (NYP) White Sox : RHP Ari Kuusinen
Pitching: RHP Mario Arce
Batting: RHB Mike Johnson 0-0: Ground out 6-3 (Groundball, 6, EV 94.4 MPH)
Batting: RHB Luis Vargas 0-0: Called Strike
0-1: Ball
1-1: Foul Ball, location: 2F
1-2: Foul Ball, location: 2F
1-2: SINGLE (Groundball, 56D, EV 103.1 MPH)
Batting: RHB Kennet Strijbis 0-0: TRIPLE (Line Drive, 9LD, EV 101.9 MPH)
Luis Vargas scores
Batting: RHB Victor Ayala 0-0: Ball
1-0: Ball
2-0: Ball
3-0: SINGLE (Groundball, 56S, EV 94.4 MPH)
Kennet Strijbis scores
Batting: LHB Devin Huber 0-0: Ball
1-0: Ground out 4-3 (Groundball, 34D, EV 96.9 MPH)
Victor Ayala to second
Batting: RHB Carlos Renteria 0-0: Ball
1-0: Called Strike
1-1: Ball
2-1: Swinging Strike
2-2: Ground out 5-3 (Groundball, 56, EV 81.2 MPH)
Top of the 8th over - 2 runs, 3 hits, 0 errors, 1 left on base; Vancouver 3 - Chicago (NYP) 0
BOTTOM OF THE 8TH
Chicago (NYP) White Sox batting - Pitching for Vancouver Canadians : RHP Jonathon Crunk
Batting: RHB Kunimatsu Oya 0-0: Ball
1-0: Hit by Pitch
Batting: SHB Noah Long 0-0: Fly out, F8 (Line Drive, 8LM, EV 87.5 MPH)
Batting: RHB Eduardo Calderon 0-0: Called Strike
0-1: Ball
1-1: Called Strike
1-2: Foul Ball, location: 2F
1-2: Strikes out looking
Batting: SHB Tomas Caldera 0-0: Called Strike
0-1: Ball
Wild Pitch!
Kunimatsu Oya to second
1-1: Foul Ball, location: 2F
1-2: Strikes out swinging
Bottom of the 8th over - 0 runs, 0 hits, 0 errors, 1 left on base; Vancouver 3 - Chicago (NYP) 0
TOP OF THE 9TH
Vancouver Canadians batting - Pitching for Chicago (NYP) White Sox : RHP Mario Arce
Batting: RHB Javier Garcia 0-0: Called Strike
0-1: Ball
1-1: Foul Ball, location: 2F
1-2: Foul Ball, location: 2F
1-2: Strikes out swinging
Batting: RHB Brian Manson 0-0: Called Strike
0-1: Ball
1-1: Called Strike
1-2: Foul Ball, location: 2F
1-2: Strikes out swinging
Batting: RHB Dan Hilyer 0-0: Ball
1-0: Foul Ball, location: 2F
1-1: Swinging Strike
1-2: Ground out 4-3 (Groundball, 4, EV 101.2 MPH)
Top of the 9th over - 0 runs, 0 hits, 0 errors, 0 left on base; Vancouver 3 - Chicago (NYP) 0
BOTTOM OF THE 9TH
Chicago (NYP) White Sox batting - Pitching for Vancouver Canadians : RHP Jonathon Crunk
Pitching: RHP Josh Long
Batting: RHB Bastiaan Leenders 0-0: Ball
1-0: Ball
2-0: Ground out 6-3 (Groundball, 6, EV 88.1 MPH)
Batting: SHB Veit Geisler 0-0: Ball
1-0: Ball
2-0: Ground out 3-1 (Groundball, 34, EV 86.2 MPH)
Batting: SHB Andres Agudo 0-0: Called Strike
0-1: Foul Ball, location: 2F
0-2: Strikes out looking
Bottom of the 9th over - 0 runs, 0 hits, 0 errors, 0 left on base; Vancouver 3 - Chicago (NYP) 0
Tuesday, March 28th , 2023 - OOTP Baseball 23.10 Build 110